 Seeded DCSS version 0.30.1-4-g462c640d31 (webtiles) character file.

Game seed: 6351066067085065685 (custom seed)

7000 Esekla the Thaumaturge (level 10, -4/53 HPs)
             Began as a Deep Elf Wanderer on Sept 18, 2023.
             Was an Elder of Vehumet.
             Slain by a cyclops (32 damage)
             ... on level 9 of the Dungeon.
             The game lasted 01:25:00 (9841 turns).

Esekla the Thaumaturge (Deep Elf Wanderer)          Turns: 9841, Time: 01:25:01

Health: -4/53      AC:  6    Str: 11    XL:     10   Next: 82%
Magic:  27/38      EV: 13    Int: 23    God:    Vehumet [****..]
Gold:   623        SH:  4    Dex: 11    Spells: 9/36 levels left

rFire   . . .        c - +4 scimitar
rCold   . . .        d - +0 buckler
rNeg    . . .        K - +0 robe
rPois   .            L - +1 helmet
rElec   .            G - +0 cloak
rCorr   .            h - +0 pair of gloves
SInv    .            (no boots)
Will    +....        x - amulet of magic regeneration
Stlth   ++           O - ring of magical power
HPRegen 0.28/turn    (no ring)
MPRegen 0.66/turn

%: no passive effects
@: studying Fighting
A: no striking features
a: Renounce Religion


You were on level 9 of the Dungeon.
You worshipped Vehumet.
Vehumet was greatly pleased with you.
You visited 1 branch of the dungeon, and saw 9 of its levels.
You also visited: Bailey.

You collected 623 gold pieces.

Inventory:

Hand Weapons
 a - a +2 vampiric dagger
 c - a +4 scimitar (weapon)
 g - a +0 halberd
 r - a +4 trident of venom
 s - the +5 rapier of the Hero {heavy, rN+ Dex+3}
   (You found it on level 3 of the Dungeon)

   Dex:       It affects your dexterity (+3).
   rN:        It protects you from negative energy.
 v - a +2 rapier of venom
Missiles
 A - 28 poisoned darts (quivered)
 D - 4 curare-tipped darts
 N - 3 boomerangs
Armour
 d - a +0 buckler (worn)
 h - a +0 pair of gloves (worn)
 G - a +0 cloak (worn)
 K - a +0 robe (worn)
 L - a +1 helmet (worn)
Jewellery
 x - an amulet of magic regeneration (around neck)
 O - a ring of magical power (left hand)
Wands
 n - a wand of roots (15)
 y - a wand of flame (13)
 I - a wand of mindburst (5)
Scrolls
 i - a scroll of acquirement
 k - a scroll of enchant armour
 l - 2 scrolls of amnesia {unknown}
 o - 2 scrolls of fog {unknown}
 q - 5 scrolls of blinking {unknown}
 u - 3 scrolls of enchant weapon {unknown}
 w - a scroll of magic mapping
 z - 2 scrolls of fear
 C - 2 scrolls of teleportation
 H - 2 scrolls of poison
 J - 3 scrolls of noise {unknown}
 M - a scroll of silence
Potions
 b - 3 potions of lignification
 e - 3 potions of curing
 f - 6 potions of attraction {unknown}
 j - a potion of mutation
 p - 2 potions of brilliance
 B - 4 potions of haste {unknown}
 E - 2 potions of ambrosia
 F - a potion of heal wounds


   Skills:
 * Level 2.1 Fighting
 + Level 2.3(2.4) Short Blades
 + Level 0.4(1.4) Long Blades
 + Level 1.5 Throwing
 * Level 5.7 Dodging
 + Level 3.2 Stealth
 - Level 3.2 Shields
 * Level 13.9 Spellcasting
 * Level 5.0 Conjurations
 * Level 3.1 Hexes
 * Level 8.3 Necromancy
 + Level 4.1 Translocations
 * Level 3.3 Transmutations
 * Level 2.3 Fire Magic
 * Level 1.0 Air Magic
 * Level 1.8 Poison Magic
 + Level 1.0 Invocations
 + Level 0.4 Evocations


You had 9 spell levels left.
You knew the following spells:

 Your Spells              Type           Power      Damage    Failure   Level
a - Magic Dart            Conj           100%       1d8       1%          1
b - Blink                 Tloc           70%        N/A       1%          2
d - Vampiric Draining     Necr           53%        2d9       1%          3
e - Searing Ray           Conj           78%        2d7       1%          2
h - Dazzling Flash        Conj/Hex       68%        N/A       1%          3
j - Arcjolt               Conj/Air       15%        1d25      11%         5
l - Fulminant Prism       Conj/Hex       17%        3d10      2%          4
n - Ignite Poison         Fire/Tmut/Pois 27%        N/A       1%          3
p - Apportation           Tloc           70%        N/A       1%          1
t - Teleport Other        Tloc           35%        N/A       3%          3

Your spell library contained the following spells:

 Spells                   Type           Power      Damage    Failure   Level
 Lesser Beckoning         Tloc           70%        N/A       1%          2
 Gell's Gravitas          Tloc           35%        N/A       3%          3
 Spider Form              Tmut/Pois      27%        N/A       5%          3
 Cause Fear               Hex            15%        N/A       14%         4
 Summon Mana Viper        Hex/Summ       23%        N/A       61%         5


Dungeon Overview and Level Annotations

Branches:
Dungeon (9/15)             Temple (0/1) D:6          Bailey (visited)
   Lair: D:8-11         Orc: D:9-12

Altars:
Dithmenos
Fedhas
Hepliaklqana
Nemelex Xobeh
Okawaru
Qazlal
Trog
Uskayaw
Vehumet
Zin
The Shining One

Shops:
D:2 =   D:4 (

Annotations:
D:7 Joseph


Message History

You start waiting.
A cyclops opens the door.
Casting: Vampiric Draining (safe; 1% risk of failure)
Confirm with . or Enter, or press ? or * to list all spells.
Casting: Dazzling Flash (safe; 1% risk of failure)
Press: ? - help, Dir - look around, f - activate The cyclops throws a large rock.
The large rock hits you!!
Ouch! That really hurt!
There is a broken door here.
Casting: Dazzling Flash (safe; 1% risk of failure)
Confirm with . or Enter, or press ? or * to list all spells.
Aiming: Vampiric Draining (safe; 1% risk of failure)
Press: ? - help, Shift-Dir - straight line, f - cyclops
Aim: a cyclops, quivering large rocks You draw life force from the cyclops!
You feel life coursing into your body! The cyclops hits you!!
* * * LOW HITPOINT WARNING * * *
Okay, then.
Casting: Vampiric Draining (safe; 1% risk of failure)
Confirm with . or Enter, or press ? or * to list all spells.
Aiming: Vampiric Draining (safe; 1% risk of failure)
Press: ? - help, Shift-Dir - straight line, f/p - cyclops
Aim: a cyclops, quivering large rocks (moderately wounded)
You draw life force from the cyclops!
You feel life coursing into your body. The cyclops barely misses you.
Casting: Vampiric Draining (safe; 1% risk of failure)
Confirm with . or Enter, or press ? or * to list all spells.
Aiming: Vampiric Draining (safe; 1% risk of failure)
Press: ? - help, Shift-Dir - straight line, f/p - cyclops
Aim: a cyclops, quivering large rocks (heavily wounded)
You draw life force from the cyclops.
You feel life coursing into your body.
Casting: Vampiric Draining (safe; 1% risk of failure)
Confirm with . or Enter, or press ? or * to list all spells.
Aiming: Vampiric Draining (safe; 1% risk of failure)
Press: ? - help, Shift-Dir - straight line, f/p - cyclops
Aim: a cyclops, quivering large rocks (heavily wounded)
You draw life force from the cyclops!
You feel life coursing into your body! The cyclops hits you!!
Ouch! That really hurt!
You die...

#......'........
#..#...>..#........
#..#......#........
#+##..#......#........
#.....#......#........
+##.....######.#########
.............#..........
.......C.....#..........
##@######......##+#
#..........#.#.....
#.........##.##.[..
###############.....#.#..###.....
...................##.##..#...###
....................###[)###.....
.................#..##..##.##....
.................#[.###).#.#.....
.###############.#)##)##.....####


You could see a cyclops.

Vanquished Creatures
  2 two-headed ogres
  Pikel (D:6)
  2 orc knights (Bailey)
  A kobold demonologist (D:9)
  2 steam dragons
  2 wyverns
  Menkaure (D:7)
  An ice beast (D:6)
  A sky beast (D:6)
  7 orc warriors (Bailey)
  2 black bears
  2 ogres
  A centaur (D:7)
  A phantom (D:7)
  Blork the orc (D:6)
  3 kobold brigands
  3 gnoll sergeants
  A bullfrog (D:7)
  2 scorpions (D:5)
  3 wights (D:7)
  5 killer bees (D:9)
  A quasit (D:8)
  2 gnoll boudas
  6 hounds
  A jelly (D:6)
  Crazy Yiuf (D:7)
  4 orc priests
  5 iguanas
  A sleepcap (D:5)
  6 orc wizards
  26 gnolls
  9 adders
  3 shadow imps (D:8)
  6 white imps
  4 ufetubi
  A worm (D:4)
  3 dart slugs
  45 orcs
  4 endoplasms
  8 goblins
  7 hobgoblins
  A quokka (D:1)
  6 ball pythons
  4 bats
  4 frilled lizards
  14 kobolds
  A rat (D:2)
  2 fulminant prisms (D:7)
219 creatures vanquished.

Vanquished Creatures (others)
  An orc (D:8)
  7 fulminant prisms
8 creatures vanquished.

Grand Total: 227 creatures vanquished

Notes
Turn   | Place    | Note
-------+----------+-------------------------------------------
     0 | D:1      | Esekla the Deep Elf Wanderer began the quest for the Orb.
     0 | D:1      | Esekla set off with the following items: a +0 club, a
                  | potion of lignification, a +0 robe, a +0 buckler; and the
                  | following spells available to memorise: Apportation, Blink,
                  | Lesser Beckoning, Magic Dart, Ignite Poison, Vampiric
                  | Draining.
     0 | D:1      | Reached XP level 1. HP: 10/10 MP: 7/7
     2 | D:1      | Learned a level 1 spell: Magic Dart
     4 | D:1      | Learned a level 1 spell: Apportation
   364 | D:4      | Found a radiant altar of Vehumet.
   368 | D:4      | Became a worshipper of Vehumet
   383 | D:4      | Found an iron altar of Okawaru.
   394 | D:4      | Found a glowing silver altar of Zin.
   724 | D:3      | Reached XP level 2. HP: 15/15 MP: 3/9
   765 | D:3      | Reached skill level 5 in Spellcasting
   921 | D:3      | Identified the +5 rapier of the Hero {heavy, rN+ Dex+3}
   943 | D:2      | Found Renulab's Jewellery Shop.
  1096 | D:1      | Learned a level 2 spell: Blink
  1239 | D:1      | Reached XP level 3. HP: 17/19 MP: 7/11
  1243 | D:1      | Learned a level 3 spell: Vampiric Draining
  1439 | D:1      | Reached * piety under Vehumet
  1439 | D:1      | Offered knowledge of Kiss of Death by Vehumet.
  1940 | D:3      | Found a stormy altar of Qazlal.
  1947 | D:3      | Reached skill level 1 in Necromancy
  2055 | D:3      | Reached skill level 1 in Dodging
  2055 | D:3      | Reached XP level 4. HP: 24/24 MP: 13/13
  2187 | D:3      | Reached skill level 6 in Spellcasting
  2254 | D:3      | Found a hazy altar of Hepliaklqana.
  2254 | D:3      | Found a bloodstained altar of Trog.
  2387 | D:4      | Found Ponaysk's Antique Weapon Boutique.
  2525 | D:4      | Found a glowing golden altar of the Shining One.
  2906 | D:5      | Entered Level 5 of the Dungeon
  2918 | D:5      | Got the Parchment of the Lumpy Olives
  2931 | D:5      | Found a shadowy altar of Dithmenos.
  2942 | D:5      | Learned a level 3 spell: Teleport Other
  3057 | D:5      | Reached XP level 5. HP: 24/28 MP: 9/15
  3329 | D:4      | Reached skill level 7 in Spellcasting
  3589 | D:2      | Noticed a black bear
  3633 | D:2      | Reached XP level 6. HP: 32/32 MP: 15/18
  3688 | D:2      | Found a faded altar of an unknown god.
  4054 | D:4      | Reached ** piety under Vehumet
  4097 | D:3      | Offered knowledge of Searing Ray by Vehumet.
  4101 | D:3      | Learned a level 2 spell: Searing Ray
  4128 | D:4      | Reached skill level 1 in Conjurations
  4278 | D:5      | Reached skill level 8 in Spellcasting
  4278 | D:5      | Reached XP level 7. HP: 36/36 MP: 16/20
  4317 | D:5      | Reached skill level 1 in Short Blades
  4631 | D:6      | Noticed Blork the orc
  4742 | D:6      | Killed Blork the orc
  4743 | D:6      | Reached skill level 9 in Spellcasting
  4869 | D:6      | Found a staircase to the Ecumenical Temple.
  4889 | D:6      | Reached XP level 8. HP: 40/41 MP: 18/23
  5029 | D:6      | Noticed Pikel
  5040 | D:6      | Killed Pikel
  5041 | D:6      | Reached skill level 10 in Spellcasting
  5041 | D:6      | Reached skill level 5 in Necromancy
  5123 | D:7      | Found a runed translucent door.
  5124 | D:7      | Noticed Crazy Yiuf
  5134 | D:7      | Killed Crazy Yiuf
  5174 | D:7      | Offered knowledge of Dazzling Flash by Vehumet.
  5179 | D:7      | Learned a level 3 spell: Dazzling Flash
  5265 | D:7      | Noticed Menkaure
  5271 | D:7      | Killed Menkaure
  5272 | D:7      | Reached skill level 11 in Spellcasting
  5509 | D:7      | Reached XP level 9. HP: 41/45 MP: 17/26
  5617 | D:7      | Reached *** piety under Vehumet
  5719 | D:8      | Offered knowledge of Fulminant Prism by Vehumet.
  6233 | D:6      | Found a blossoming altar of Fedhas.
  6262 | D:6      | Learned a level 4 spell: Fulminant Prism
  6530 | D:7      | Reached skill level 12 in Spellcasting
  6553 | D:7      | Noticed Joseph
  7192 | D:8      | Reached skill level 1 in Throwing
  7198 | D:8      | Noticed a two-headed ogre
  7401 | D:8      | Reached **** piety under Vehumet
  7579 | D:8      | Reached skill level 5 in Dodging
  7721 | D:8      | Reached skill level 1 in Hexes
  7752 | D:8      | Offered knowledge of Arcjolt by Vehumet.
  7828 | D:8      | Learned a level 3 spell: Ignite Poison
  7828 | D:8      | Killed a two-headed ogre
  7829 | D:8      | Reached skill level 13 in Spellcasting
  7829 | D:8      | Reached XP level 10. HP: 50/50 MP: 26/29
  7897 | D:8      | Found a hide-covered altar of Uskayaw.
  7904 | D:8      | Learned a level 5 spell: Arcjolt
  7921 | D:8      | Found a transporter.
  7925 | D:8      | Found a transporter.
  7927 | D:8      | Found a transporter.
  7928 | D:8      | Found a transporter.
  8454 | D:9      | Found a flagged portal.
  8481 | Bailey   | Entered a bailey
  8622 | Bailey   | Reached skill level 1 in Transmutations
  8666 | Bailey   | Identified the +2 bardiche of Puhoisos {heavy, rElec
                  | Stlth+}
  8842 | Bailey   | Noticed an orc knight
  8842 | Bailey   | Noticed an orc knight
  8892 | Bailey   | Killed an orc knight
  8893 | Bailey   | Reached skill level 1 in Poison Magic
  8895 | Bailey   | Reached skill level 1 in Fire Magic
  9146 | Bailey   | Killed an orc knight
  9451 | D:9      | Reached skill level 1 in Fighting
  9621 | D:9      | Found a sparkling altar of Nemelex Xobeh.
  9689 | D:9      | Noticed a two-headed ogre
  9699 | D:9      | Killed a two-headed ogre
  9700 | D:9      | Reached skill level 5 in Conjurations
  9700 | D:9      | Reached skill level 1 in Air Magic
  9829 | D:9      | Noticed a cyclops
  9841 | D:9      | Slain by a cyclops

Illustrated notes

Levels and vault maps discovered:
D:1:      sevenhm_arrival_forest_fort_small_3, layout_rooms,
          chequers_serial_rivers_room_b, minmay_misc_feat_five
D:2:      layout_loops_ring, dreamdust_ecumenical_altar_angels_and_demons,
          serial_shops, shop
D:3:      layout_basic, grunt_temple_overflow_open, minmay_misc_feat_iff
D:4:      layout_basic, nicolae_overflow_quartered_altars, serial_shops,
          nicolae_diamond_shop
D:5:      layout_loops_ring, lemuel_doored_altar, minmay_misc_feat_rows,
          dreamdust_wishing_well
D:6:      layout_loops_cross, fedhas_altar_fruit_tree,
          minmay_temple_entry_glass, uniq_pikel, uniq_blork_the_orc
D:7:      layout_basic, uniq_menkaure, uniq_joseph, uniq_crazy_yiuf_cottage
D:8:      layout_basic, nicolae_uskayaw_dance_hall, serial_demonic,
          serial_demonic_d, serial_demonic_a, serial_demonic_c,
          serial_demonic_c, nicolae_diode_quadrants
D:9:      layout_irregular_city, kennysheep_little_box, enter_bailey_4,
          minmay_between, uniq_harold

Skill      XL: |  1  2  3  4  5  6  7  8  9 10 |
---------------+-------------------------------+-----
Spellcasting   | 5 6 7 8 9 11 13 | 13.9
Necromancy     | 1 2 4 5 7 8 |  8.3
Dodging        | 1 2 3 5 |  5.7
Stealth        | 2 3 |  3.2
Conjurations   | 1 2 3 4 5 |  5.0
Short Blades   | 1 2 |  2.3
Shields        | 2 3 |  3.2
Translocations | 3 4 |  4.1
Throwing       | 1 |  1.5
Hexes          | 2 3 |  3.1
Transmutations | 3 |  3.3
Poison Magic   | 1 |  1.8
Fire Magic     | 2 |  2.3
Fighting       | 2 |  2.1
Air Magic      | 1 |  1.0
Long Blades    | |  0.4
Invocations    | |  1.0
Evocations     | |  0.4

Action                     |  1- 3 |  4- 6 |  7- 9 | 10-12 || total
---------------------------+-------+-------+-------+-------++-------
  Melee: Short sword       |    80 |       |       |       ||    80
         Rapier            |     5 |    20 |    21 |    15 ||    61
         Dagger            |       |    38 |     8 |       ||    46
         Scimitar          |       |       |     1 |    25 ||    26
  Throw: Dart              |       |     8 |    14 |    30 ||    52
   Cast: Apportation       |    36 |    22 |    41 |    14 ||   113
         Magic Dart        |    53 |    43 |    18 |     1 ||   115
         Vampiric Draining |     1 |    25 |    33 |    52 ||   111
         Blink             |     1 |     5 |     2 |    12 ||    20
         Searing Ray       |       |     2 |    61 |     7 ||    70
         Teleport Other    |       |       |     1 |       ||     1
         Fulminant Prism   |       |       |     7 |     2 ||     9
         Dazzling Flash    |       |       |     2 |     4 ||     6
         Ignite Poison     |       |       |     1 |     2 ||     3
         Arcjolt           |       |       |       |     1 ||     1
  Evoke: Wand              |       |       |     4 |     8 ||    12
    Use: Potion            |     2 |       |     6 |       ||     8
         Scroll            |     1 |       |     1 |     9 ||    11
   Stab: Sleeping          |     4 |     7 |     2 |     6 ||    19
         Distracted        |     1 |       |       |       ||     1
 Armour: Robe              |    38 |    20 |    29 |    25 ||   112
  Dodge: Dodged            |    44 |    40 |    90 |    92 ||   266
  Block: Buckler           |    19 |    17 |    25 |    22 ||    83
